[Event "Queens Festival Final Team 2022"]
[Site "Tornelo"]
[Date "2022.06.26"]
[Round "4.1"]
[White "Posadas, Rayelynn"]
[Black "Francis, Onkemetse"]
[Result "1-0"]
[ECO "D78"]
[WhiteElo "1648"]
[BlackElo "1777"]
[Annotator "NA RC"]
[PlyCount "149"]
[EventDate "2022.06.24"]
[EventType "team-tourn"]
[EventCountry "NET"]
[SourceTitle "playchess.com"]
[Source "ChessBase"]
[SourceQuality "1"]
[WhiteTeam "England"]
[BlackTeam "Botswana"]
[WhiteTeamCountry "ENG"]
[BlackTeamCountry "BOT"]
[TimeControl "180+2"]

1. Nf3 Nf6 2. d4 d5 3. g3 g6 4. Bg2 Bg7 5. O-O O-O 6. c4 c6 7. Nc3 dxc4 8. e4 Nbd7 9. Qe2 Nb6 10. Rd1 e6 11. Be3 Qc7 12. Rac1 Qe7 13. Ne5 Rd8 14. Nxc4 Nxc4 15. Qxc4 Ng4 16. Qe2 Nxe3 17. Qxe3 Bd7 18. d5 exd5 19. exd5 Qxe3 20. fxe3 cxd5 21. Nxd5 Bc6 22. Ne7+ Kf8 23. Nxc6 Rxd1+ 24. Rxd1 bxc6 25. b3 Rc8 26. Rd7 a5 27. Ra7 Bc3 28. Bh3 Re8 29. Kf2 Re7 30. Ra8+ Kg7 31. Rc8 Bd2 32. Rxc6 Bxe3+ 33. Kf3 Bd2 34. Rd6 Bb4 35. Rd5 h6 36. Bd7 Re1 37. a4 Rf1+ 38. Kg2 Rb1 39. Rd3 Rb2+ 40. Kh3 Rf2 41. Bb5 h5 42. Bc4 g5 43. Rd5 f6 44. Rd7+ Kg6 45. Bf7+ Kh6 46. g4 hxg4+ 47. Kxg4 Rxh2 48. Bc4 Rg2+ 49. Kf3 Rd2 50. Rf7 Kg6 51. Rc7 Rd6 52. Bf7+ Kh6 53. Kg4 Rd4+ 54. Kf3 Rf4+ 55. Kg3 Rd4 56. Kf3 f5 57. Rc6+ Kg7 58. Be6 Rd6 59. Rc7+ Kf6 60. Bc4 g4+ 61. Kf4 Bd2+ 62. Kg3 Rd4 63. Rf7+ Kg5 64. Rg7+ Kh6 65. Rf7 Kg6 66. Rf8 Be1+ 67. Kg2 Kg5 68. Rg8+ Kf4 69. Re8 Bb4 70. Rf8 Rd2+ 71. Kf1 Ke4 72. Be6 f4 73. Bxg4 Rb2 74. Be6 Ke3 75. Bc4 1-0

[Event "Queens Festival Final Team 2022"]
[Site "Tornelo"]
[Date "2022.06.26"]
[Round "4.1"]
[White "Banda Natalie Katlo"]
[Black "Catabay, Mae Katelyn Rose"]
[Result "0-1"]
[ECO "D04"]
[WhiteElo "1629"]
[BlackElo "1321"]
[Annotator "NA RC"]
[PlyCount "78"]
[EventDate "2022.06.24"]
[EventType "team-tourn"]
[EventCountry "NET"]
[SourceTitle "playchess.com"]
[Source "ChessBase"]
[SourceQuality "1"]
[WhiteTeam "Botswana"]
[BlackTeam "England"]
[WhiteTeamCountry "BOT"]
[BlackTeamCountry "ENG"]
[TimeControl "180+2"]

1. d4 Nf6 2. Nf3 g6 3. e3 Bg7 4. Bd3 d5 5. c3 c5 6. Nbd2 Nc6 7. O-O O-O 8. Qe2 Bd7 9. e4 dxe4 10. Nxe4 cxd4 11. Nxd4 Nxd4 12. cxd4 Bc6 13. Nxf6+ Bxf6 14. Bh6 Re8 15. Bb5 Qxd4 16. Bxc6 bxc6 17. Rac1 Rac8 18. b3 Qh4 19. Be3 a5 20. Qa6 Qb4 21. Rxc6 Ra8 22. Qc4 Qxc4 23. Rxc4 Rec8 24. Rfc1 Rd8 25. g3 Kg7 26. Ra4 e6 27. Bb6 Rd5 28. Rc5 Rd1+ 29. Kg2 Bd4 30. Rcxa5 Rxa5 31. Bxa5 e5 32. b4 Rb1 33. a3 Rb2 34. Bc7 Rxf2+ 35. Kh3 h5 36. Ra5 f6 37. Ra6 g5 38. Bd8 g4+ 39. Kh4 Rxh2# 0-1

[Event "Queens Festival Final Team 2022"]
[Site "Tornelo"]
[Date "2022.06.26"]
[Round "4.1"]
[White "Moshoboro Arona"]
[Black "Grigoryan, Meri"]
[Result "0-1"]
[ECO "D05"]
[WhiteElo "1555"]
[BlackElo "1993"]
[Annotator "NA"]
[PlyCount "60"]
[EventDate "2022.06.24"]
[EventType "team-tourn"]
[EventCountry "NET"]
[SourceTitle "playchess.com"]
[Source "ChessBase"]
[SourceQuality "1"]
[WhiteTeam "Botswana"]
[BlackTeam "England"]
[WhiteTeamCountry "BOT"]
[BlackTeamCountry "ENG"]
[TimeControl "180+2"]

1. d4 d5 2. Nf3 Nf6 3. e3 e6 4. Bd3 c5 5. b3 Nc6 6. a3 cxd4 7. exd4 h6 8. O-O Qb6 9. Bb2 Bd6 10. Nbd2 Ne7 11. Ne5 Bxe5 12. dxe5 Nd7 13. Kh1 Nc5 14. Bd4 Qc7 15. Be2 b6 16. f4 Bb7 17. Nf3 Nf5 18. Bd3 Ne4 19. Re1 O-O-O 20. Bb2 Kb8 21. Rc1 Nc3 22. Qd2 d4 23. Bxf5 exf5 24. Nxd4 Ne4 25. Qe3 Rxd4 26. Bxd4 Qc6 27. Qf3 g5 28. fxg5 hxg5 29. Qxf5 Ng3+ 30. Kg1 Qxg2# 0-1

[Event "Queens Festival Final Team 2022"]
[Site "Tornelo"]
[Date "2022.06.26"]
[Round "4.2"]
[White "Shriyan santosh Priyasha"]
[Black "Shah, Riya"]
[Result "1-0"]
[ECO "A39"]
[WhiteElo "1597"]
[BlackElo "1559"]
[Annotator "NA RC"]
[PlyCount "99"]
[EventDate "2022.06.24"]
[EventType "team-tourn"]
[EventCountry "NET"]
[SourceTitle "playchess.com"]
[Source "ChessBase"]
[SourceQuality "1"]
[WhiteTeam "MAW"]
[BlackTeam "Kenya"]
[BlackTeamCountry "KEN"]
[TimeControl "180+2"]

1. d4 g6 2. Nf3 Bg7 3. c4 c5 4. g3 Nf6 5. Bg2 cxd4 6. Nxd4 O-O 7. O-O Nc6 8. Nc3 Ng4 9. Nb3 d6 10. h3 Nge5 11. c5 dxc5 12. Nxc5 Bf5 13. e4 Bc8 14. Bf4 b6 15. Nb3 Ba6 16. Re1 Nd3 17. Re3 Nxf4 18. gxf4 Rc8 19. Re1 Bh6 20. Qf3 Nd4 21. Nxd4 Qxd4 22. Rad1 Qf6 23. f5 Bb7 24. Rd7 Ba8 25. Rxa7 Bd2 26. Rd1 Bxc3 27. bxc3 Rxc3 28. Qg4 h5 29. Qf4 e5 30. Qd2 Rcc8 31. Ra6 gxf5 32. exf5 Qg7 33. f3 Bxf3 34. Rxb6 Bxg2 35. Qxg2 Qxg2+ 36. Kxg2 Rc2+ 37. Kg3 Rxa2 38. Rd5 f6 39. Rb7 Rf7 40. Rd8+ Kg7 41. Rb3 Raa7 42. Rdb8 Rad7 43. Kh4 Rd4+ 44. Kxh5 Rf8 45. R8b7+ Kg8 46. Rb8 Rdd8 47. Rxd8 Rxd8 48. Kg6 Rd6 49. Rb8+ Rd8 50. Rxd8# 1-0

[Event "Queens Festival Final Team 2022"]
[Site "Tornelo"]
[Date "2022.06.26"]
[Round "4.2"]
[White "Muthoni, Vivian"]
[Black "Banda Tapiwa"]
[Result "0-1"]
[ECO "C55"]
[WhiteElo "1128"]
[BlackElo "1213"]
[Annotator "NA"]
[PlyCount "56"]
[EventDate "2022.06.24"]
[EventType "team-tourn"]
[EventCountry "NET"]
[SourceTitle "playchess.com"]
[Source "ChessBase"]
[SourceQuality "1"]
[WhiteTeam "Kenya"]
[BlackTeam "MAW"]
[WhiteTeamCountry "KEN"]
[TimeControl "180+2"]

1. e4 e5 2. Nf3 Nc6 3. Bc4 Nf6 4. Nc3 Be7 5. O-O O-O 6. d3 d6 7. Ng5 Nd7 8. Nf3 Nb6 9. Bb3 Na5 10. Be3 Nxb3 11. axb3 Nd7 12. d4 b6 13. dxe5 Nxe5 14. Nxe5 dxe5 15. Qf3 f6 16. Qg3 Rf7 17. Nd5 Bb7 18. Nxe7+ Qxe7 19. Qg4 Bc8 20. Qg3 Bb7 21. Qg4 Qd7 22. Qxd7 Rxd7 23. f3 a5 24. Rfd1 Rad8 25. Rxd7 Rxd7 26. Re1 Rd6 27. Re2 Rc6 28. c4 Ba6 0-1

[Event "Queens Festival Final Team 2022"]
[Site "Tornelo"]
[Date "2022.06.26"]
[Round "4.3"]
[White "Ismayil, Malak"]
[Black "Ovezdurdiyeva, Jemal"]
[Result "0-1"]
[ECO "B51"]
[WhiteElo "2001"]
[BlackElo "2061"]
[Annotator "NA RC"]
[PlyCount "80"]
[EventDate "2022.06.24"]
[EventType "team-tourn"]
[EventCountry "NET"]
[SourceTitle "playchess.com"]
[Source "ChessBase"]
[SourceQuality "1"]
[WhiteTeam "Azerbaijan"]
[BlackTeam "Turkmenistan"]
[WhiteTeamCountry "AZE"]
[BlackTeamCountry "TKM"]
[TimeControl "180+2"]

1. e4 c5 2. Nf3 d6 3. Bb5+ Nd7 4. O-O Ngf6 5. Qe2 e5 6. c3 a6 7. Bxd7+ Bxd7 8. Rd1 Be7 9. d4 Qc7 10. Bg5 O-O 11. Nbd2 cxd4 12. cxd4 Bb5 13. Qe1 Rae8 14. a4 Bd7 15. d5 Nh5 16. Be3 f5 17. Rdc1 Qa5 18. Nc4 Qxe1+ 19. Rxe1 fxe4 20. Nfd2 Bf5 21. g3 Nf6 22. Nb6 Bd8 23. Ndc4 Be7 24. Bg5 Bg6 25. Bxf6 Rxf6 26. Re2 Rf3 27. Nd2 Rd3 28. Nxe4 Rb3 29. Nc4 Bxe4 30. Rxe4 b5 31. axb5 axb5 32. Ne3 Rxb2 33. Ra7 Bd8 34. Rg4 g6 35. Rd7 Bb6 36. Rxd6 Bxe3 37. fxe3 Ra8 38. Rgxg6+ hxg6 39. Rxg6+ Kf7 40. Rg5 Ra1# 0-1

[Event "Queens Festival Final Team 2022"]
[Site "Tornelo"]
[Date "2022.06.26"]
[Round "4.3"]
[White "Shohradowa, Lala"]
[Black "Mammadova, Aysel"]
[Result "1-0"]
[ECO "A15"]
[WhiteElo "1856"]
[BlackElo "1893"]
[Annotator "NA RC"]
[PlyCount "115"]
[EventDate "2022.06.24"]
[EventType "team-tourn"]
[EventCountry "NET"]
[SourceTitle "playchess.com"]
[Source "ChessBase"]
[SourceQuality "1"]
[WhiteTeam "Turkmenistan"]
[BlackTeam "Azerbaijan"]
[WhiteTeamCountry "TKM"]
[BlackTeamCountry "AZE"]
[TimeControl "180+2"]

1. d4 Nf6 2. c4 e6 3. g3 Be7 4. Bg2 d6 5. Nf3 Nbd7 6. O-O O-O 7. Nc3 e5 8. dxe5 Nxe5 9. Nxe5 dxe5 10. Qc2 c6 11. a4 Qc7 12. a5 Be6 13. b3 Rad8 14. a6 b6 15. Bb2 Nd7 16. Rfd1 Nb8 17. Ne4 Rxd1+ 18. Qxd1 Rd8 19. Qc2 Bc8 20. Qc3 f6 21. b4 Nxa6 22. c5 bxc5 23. Qc4+ Kh8 24. bxc5 f5 25. Nd6 Bxd6 26. cxd6 Qxd6 27. Bxc6 Nb8 28. Bf3 Be6 29. Qc3 Nd7 30. Rxa7 Qd1+ 31. Kg2 Bd5 32. Bxd5 Qxd5+ 33. f3 h6 34. Qc7 Qg8 35. Ba3 Nf6 36. Qxe5 Re8 37. Qb2 Nd5 38. Bc5 Ne3+ 39. Bxe3 Rxe3 40. Kf2 Re6 41. Rc7 Qf8 42. Qc2 Kh7 43. g4 Qf6 44. Qxf5+ Qxf5 45. gxf5 Ra6 46. e4 h5 47. Kg3 Kh6 48. h4 Rf6 49. Re7 Rb6 50. Re6+ Rxe6 51. fxe6 Kg6 52. f4 Kf6 53. f5 g6 54. Kf4 gxf5 55. exf5 Ke7 56. Ke5 Kf8 57. f6 Kg8 58. f7+ 1-0

[Event "Queens Festival Final Team 2022"]
[Site "Tornelo"]
[Date "2022.06.26"]
[Round "4.3"]
[White "Khalilova, Khadija"]
[Black "Agajanova, Meryem"]
[Result "1-0"]
[ECO "B22"]
[WhiteElo "1777"]
[BlackElo "1783"]
[Annotator "NA"]
[PlyCount "57"]
[EventDate "2022.06.24"]
[EventType "team-tourn"]
[EventCountry "NET"]
[SourceTitle "playchess.com"]
[Source "ChessBase"]
[SourceQuality "1"]
[WhiteTeam "Azerbaijan"]
[BlackTeam "Turkmenistan"]
[WhiteTeamCountry "AZE"]
[BlackTeamCountry "TKM"]
[TimeControl "180+2"]

1. e4 e6 2. d4 d5 3. Nd2 c5 4. exd5 exd5 5. dxc5 Bxc5 6. Ngf3 Nf6 7. Bd3 O-O 8. O-O Nc6 9. c3 Bg4 10. h3 Bh5 11. Qc2 Re8 12. Nb3 Bb6 13. Nfd4 Nxd4 14. Nxd4 Bxd4 15. cxd4 Rc8 16. Qb3 b6 17. Bg5 h6 18. Bh4 Qd6 19. Rfe1 Ne4 20. f3 Nf6 21. Kf2 Nd7 22. Bg3 Qf6 23. Qxd5 Red8 24. Qxh5 Qxd4+ 25. Re3 Qxb2+ 26. Re2 Qxa1 27. Qf5 Qf6 28. Qh7+ Kf8 29. Qh8# 1-0

[Event "Queens Festival Final Team 2022"]
[Site "Tornelo"]
[Date "2022.06.26"]
[Round "4.4"]
[White "Maksimovic, Suzana"]
[Black "khezrian, Neda"]
[Result "1-0"]
[ECO "D12"]
[WhiteElo "2145"]
[BlackElo "1056"]
[Annotator "NA RC"]
[PlyCount "103"]
[EventDate "2022.06.24"]
[EventType "team-tourn"]
[EventCountry "NET"]
[SourceTitle "playchess.com"]
[Source "ChessBase"]
[SourceQuality "1"]
[WhiteTeam "Serbia"]
[BlackTeam "Iran"]
[WhiteTeamCountry "SRB"]
[BlackTeamCountry "IRI"]
[TimeControl "180+2"]

1. d4 d5 2. c4 c6 3. Nf3 Nf6 4. e3 Bf5 5. Nc3 Nbd7 6. cxd5 cxd5 7. Nh4 Bg6 8. Nxg6 hxg6 9. Qb3 Qb6 10. Nxd5 Qxb3 11. Nxf6+ gxf6 12. axb3 e5 13. Bc4 exd4 14. exd4 Bb4+ 15. Bd2 Bxd2+ 16. Kxd2 Nb6 17. Rhe1+ Kf8 18. h3 Kg7 19. Re7 Nxc4+ 20. bxc4 Rhd8 21. Kc3 Rdb8 22. b4 a6 23. Rae1 b5 24. c5 Rd8 25. Rb7 Rdb8 26. Ree7 Rxb7 27. Rxb7 Re8 28. d5 Ra8 29. d6 a5 30. bxa5 Rxa5 31. d7 Ra8 32. c6 Rd8 33. c7 Rxd7 34. c8=Q Rxb7 35. Qxb7 b4+ 36. Qxb4 g5 37. Kd4 g4 38. hxg4 f5 39. gxf5 f6 40. Ke4 Kh7 41. Qe7+ Kh6 42. Qxf6+ Kh5 43. Qg6+ Kh4 44. g4 Kh3 45. g5 Kg2 46. Qh6 Kf1 47. g6 Ke2 48. f4 Kd1 49. Qh2 Ke1 50. g7 Kf1 51. g8=Q Ke1 52. Qgg1# 1-0

[Event "Queens Festival Final Team 2022"]
[Site "Tornelo"]
[Date "2022.06.26"]
[Round "4.4"]
[White "Masoumi, Sahar"]
[Black "Vujcic, Milena"]
[Result "1-0"]
[ECO "E73"]
[WhiteElo "2004"]
[BlackElo "1987"]
[Annotator "NA RC"]
[PlyCount "69"]
[EventDate "2022.06.24"]
[EventType "team-tourn"]
[EventCountry "NET"]
[SourceTitle "playchess.com"]
[Source "ChessBase"]
[SourceQuality "1"]
[WhiteTeam "Iran"]
[BlackTeam "Serbia"]
[WhiteTeamCountry "IRI"]
[BlackTeamCountry "SRB"]
[TimeControl "180+2"]

1. d4 Nf6 2. c4 g6 3. Nc3 Bg7 4. e4 d6 5. Be2 O-O 6. Be3 e5 7. d5 a5 8. g4 Na6 9. h4 Nd7 10. Qd2 Ndc5 11. h5 Bf6 12. O-O-O g5 13. h6 Be7 14. Rh5 f6 15. Nh3 Bd7 16. Kb1 Be8 17. Rxg5+ fxg5 18. Nxg5 Bg6 19. f3 c6 20. Rg1 a4 21. Bd1 b5 22. dxc6 b4 23. Nxa4 Nxa4 24. Bxa4 Nc5 25. Bd1 Qa5 26. b3 Ra7 27. Rg2 Rfa8 28. Qd5+ Kh8 29. Nf7+ Bxf7 30. Qxf7 Bg5 31. Qf5 Bxe3 32. Qf6+ Kg8 33. g5 Qc7 34. g6 Qg7 35. hxg7 1-0

[Event "Queens Festival Final Team 2022"]
[Site "Tornelo"]
[Date "2022.06.26"]
[Round "4.4"]
[White "Vukosavljevic, Tatjana"]
[Black "Davari, Sara"]
[Result "0-1"]
[ECO "E05"]
[WhiteElo "1758"]
[BlackElo "1674"]
[Annotator "NA RC"]
[PlyCount "88"]
[EventDate "2022.06.24"]
[EventType "team-tourn"]
[EventCountry "NET"]
[SourceTitle "playchess.com"]
[Source "ChessBase"]
[SourceQuality "1"]
[WhiteTeam "Serbia"]
[BlackTeam "Iran"]
[WhiteTeamCountry "SRB"]
[BlackTeamCountry "IRI"]
[TimeControl "180+2"]

1. Nf3 d5 2. g3 Nf6 3. Bg2 e6 4. O-O Be7 5. d4 O-O 6. c4 dxc4 7. Nbd2 c5 8. Nxc4 Nc6 9. dxc5 Bxc5 10. b3 Qe7 11. Bb2 Rd8 12. Qc2 Nb4 13. Qc3 Nbd5 14. Qc2 Bd7 15. e4 Nb4 16. Qe2 Bb5 17. a4 Bxc4 18. Qxc4 Rac8 19. Qe2 Nd3 20. e5 Ng4 21. h3 Ngxf2 22. Kh2 Nxb2 23. Qxb2 Nd3 24. Qe2 Nb4 25. Nh4 Bd4 26. Rad1 Nc6 27. Nf3 Bb6 28. Qe4 Rxd1 29. Rxd1 Rd8 30. Rxd8+ Qxd8 31. h4 h6 32. Ng1 Qd4 33. Qe2 Qxg1+ 34. Kh3 Qe3 35. Qc2 Qxe5 36. Be4 f5 37. Bf3 Qc5 38. Qd1 Qe7 39. Bh5 Qd8 40. Qe2 Qe7 41. Qe3 Bxe3 42. Bf3 f4 43. gxf4 Bxf4 44. Kg4 e5 0-1

[Event "Queens Festival Final Team 2022"]
[Site "Tornelo"]
[Date "2022.06.26"]
[Round "4.4"]
[White "Khezrian, Nooralzahra"]
[Black "Vujovic, Vera"]
[Result "0-1"]
[ECO "B23"]
[WhiteElo "1269"]
[BlackElo "1353"]
[Annotator "NA"]
[PlyCount "50"]
[EventDate "2022.06.24"]
[EventType "team-tourn"]
[EventCountry "NET"]
[SourceTitle "playchess.com"]
[Source "ChessBase"]
[SourceQuality "1"]
[WhiteTeam "Iran"]
[BlackTeam "Serbia"]
[WhiteTeamCountry "IRI"]
[BlackTeamCountry "SRB"]
[TimeControl "180+2"]

1. e4 c5 2. Nc3 d6 3. f4 Nc6 4. Bb5 Nf6 5. Bxc6+ bxc6 6. Nf3 e6 7. d3 d5 8. e5 Nd7 9. O-O Nb6 10. Kh1 c4 11. d4 c5 12. Be3 cxd4 13. Nxd4 Be7 14. f5 exf5 15. Nxf5 Bxf5 16. Bxb6 axb6 17. Rxf5 d4 18. Ne4 O-O 19. Qg4 Kh8 20. Raf1 d3 21. Rxf7 Rxf7 22. Rxf7 Qg8 23. Rf2 Rxa2 24. cxd3 Ra1+ 25. Rf1 Rxf1# 0-1

[Event "Queens Festival Final Team 2022"]
[Site "Tornelo"]
[Date "2022.06.26"]
[Round "4.5"]
[White "Krush, Irina"]
[Black "Song, Yuxin"]
[Result "1/2-1/2"]
[ECO "E32"]
[WhiteElo "2430"]
[BlackElo "2317"]
[Annotator "TA"]
[PlyCount "90"]
[EventDate "2022.06.24"]
[EventType "team-tourn"]
[EventCountry "NET"]
[SourceTitle "playchess.com"]
[Source "ChessBase"]
[SourceQuality "1"]
[WhiteTeam "United States"]
[BlackTeam "China"]
[WhiteTeamCountry "USA"]
[BlackTeamCountry "CHN"]
[TimeControl "180+2"]

1. d4 {[%emt 0:00:02] Krasenkow,Michal} Nf6 2. c4 e6 3. Nc3 Bb4 4. Qc2 O-O 5. a3 Bxc3+ 6. Qxc3 b6 7. Bg5 Bb7 8. e3 h6 9. Bh4 d6 {[%emt 0:00:02] E32: Nimzo-Indian: Classical (4 Qc2): 4...0-0.} 10. Ne2 Nbd7 11. Qc2 c5 12. Rd1 Rc8 13. Nc3 Qe7 14. d5 {[%emt 0:00:26] [#]} a6 $146 ({Predecessor:} 14... exd5 15. cxd5 a6 16. a4 c4 17. Rd4 Ne5 18. Qd1 Rc5 19. Be2 g5 20. Bg3 b5 21. axb5 axb5 {1-0 (76) Grischuk,A (2719)-Nakamura,H (2704) Dresden 2008 CBM 128 [Krasenkow,Michal]}) 15. a4 Rb8 16. Be2 exd5 (16... b5 $1 $14 {is superior.}) 17. cxd5 $16 Rfe8 18. O-O Qe5 19. Bg3 Qe7 20. h3 {[%emt 0:00:09] White is more active.} Ne5 21. Rfe1 Qd7 (21... g5 $16 {is a better defense.}) 22. f4 $36 {[%emt 0:00:09][%mdl 2048] White is in control.} Ng6 23. Bf3 b5 {[%emt 0:00:06] [#]} 24. axb5 (24. e4 $1 $18) 24... axb5 25. e4 b4 26. Nb1 {[%emt 0:00:01][%cal Bc3b1,Bb1d2,Bd2c4][%mdl 32] And now e5 would win.} Rbd8 (26... Qc7 $16) 27. Nd2 $18 h5 (27... Qc7 $16 {was called for.} 28. Ra1 Nd7) 28. Nc4 h4 29. Bh2 Qb5 30. b3 Re7 (30... Ba8 {was worth a try.} 31. Qf2 Qd7) 31. e5 dxe5 32. fxe5 ({Less strong is} 32. f5 Nf8 $18) 32... Nxd5 33. Nd6 {[%emt 0:00:01] Against Qe8} Rxd6 34. exd6 Rxe1+ 35. Rxe1 {[%emt 0:00:01] [#] aiming for Qc4.} Ndf4 36. Bxb7 Nd3 37. Rd1 c4 38. Rxd3 cxd3 39. Qc8+ Kh7 (39... Nf8 $18 40. d7 Qxd7 41. Qxd7 Nxd7) 40. d7 Qa5 41. d8=Q Qa1+ 42. Kf2 Qb2+ 43. Kg1 Qa1+ 44. Kf2 Qb2+ $1 45. Kg1 $2 (45. Ke3 {mates} Qf6 46. Qxf6 gxf6 47. Bd6 d2 48. Kxd2 Kh6 49. Qg8 Kg5 50. Qxf7) 45... Qa1+ {[%emt 0:00:01] Weighted Error Value: White=0.19 (very precise) /Black=0.42} 1/2-1/2

[Event "Queens Festival Final Team 2022"]
[Site "Tornelo"]
[Date "2022.06.26"]
[Round "4.5"]
[White "Hong, Xing"]
[Black "Bian, Erin"]
[Result "0-1"]
[ECO "C47"]
[WhiteElo "1999"]
[BlackElo "1811"]
[Annotator "NA RC"]
[PlyCount "114"]
[EventDate "2022.06.24"]
[EventType "team-tourn"]
[EventCountry "NET"]
[SourceTitle "playchess.com"]
[Source "ChessBase"]
[SourceQuality "1"]
[WhiteTeam "China"]
[BlackTeam "United States"]
[WhiteTeamCountry "CHN"]
[BlackTeamCountry "USA"]
[TimeControl "180+2"]

1. e4 e5 2. Nc3 Nf6 3. Nge2 Nc6 4. d4 exd4 5. Nxd4 Bb4 6. Nxc6 bxc6 7. Bd3 d5 8. exd5 O-O 9. O-O Bg4 10. f3 Bh5 11. dxc6 Qd4+ 12. Kh1 Bxc3 13. bxc3 Qxc3 14. Rb1 Qxc6 15. Bb2 Bg6 16. Bxg6 hxg6 17. Qd4 Rfd8 18. Qc3 Qxc3 19. Bxc3 Nd5 20. Ba5 Rab8 21. h3 Nb6 22. Kh2 c5 23. Rfe1 Kf8 24. Re5 Rdc8 25. Rb5 Na4 26. Rxb8 Rxb8 27. Bc7 Rc8 28. Bd6+ Kg8 29. Re7 Rd8 30. Bf4 Ra8 31. Rc7 a5 32. Bd2 f6 33. Kg3 g5 34. Be3 Nc3 35. Bxc5 Nxa2 36. Ba3 Nb4 37. Rb7 Nxc2 38. Bb2 Ne3 39. Bd4 Nf5+ 40. Kf2 Nxd4 41. Rd7 Ne6 42. Ke3 a4 43. Rd2 a3 44. Ra2 Kf7 45. Ke4 Nc5+ 46. Kd5 Nd3 47. Kd4 Nb4 48. Rd2 a2 49. Rxa2 Rxa2 50. Ke4 Rxg2 51. Ke3 Rg3 52. Kf2 Rxh3 53. Kg2 Rh8 54. Kg3 f5 55. f4 g4 56. Kg2 Rh3 57. Kf2 Ra3 0-1

[Event "Queens Festival Final Team 2022"]
[Site "Tornelo"]
[Date "2022.06.26"]
[Round "4.5"]
[White "Yellamraju, Aparna"]
[Black "Cui, Wen"]
[Result "1-0"]
[ECO "E01"]
[WhiteElo "1720"]
[BlackElo "1718"]
[Annotator "NA RC"]
[PlyCount "69"]
[EventDate "2022.06.24"]
[EventType "team-tourn"]
[EventCountry "NET"]
[SourceTitle "playchess.com"]
[Source "ChessBase"]
[SourceQuality "1"]
[WhiteTeam "United States"]
[BlackTeam "China"]
[WhiteTeamCountry "USA"]
[BlackTeamCountry "CHN"]
[TimeControl "180+2"]

1. d4 d5 2. c4 e6 3. Nf3 Nf6 4. g3 c6 5. Bg2 Bd6 6. O-O O-O 7. Qc2 Nbd7 8. Nbd2 b6 9. e4 dxe4 10. Nxe4 Nxe4 11. Qxe4 Bb7 12. Qe2 c5 13. Qc2 Qc7 14. Ng5 Nf6 15. Ne4 Nxe4 16. Bxe4 Bxe4 17. Qxe4 cxd4 18. Qxd4 Bc5 19. Qg4 Qe5 20. Rb1 a5 21. b3 Rfd8 22. Bb2 Bd4 23. Bxd4 Rxd4 24. Qf3 Rad8 25. Rbd1 Qd6 26. Rxd4 Qxd4 27. Re1 h6 28. Re2 Qd1+ 29. Kg2 Qc1 30. Re3 Rd1 31. Qa8+ Kh7 32. Qe4+ g6 33. Rf3 Rg1+ 34. Kh3 Qf1+ 35. Kh4 1-0

[Event "Queens Festival Final Team 2022"]
[Site "Tornelo"]
[Date "2022.06.26"]
[Round "4.6"]
[White "Alboredo, Julia"]
[Black "Perez Rodriguez, Jennifer"]
[Result "1-0"]
[ECO "C54"]
[WhiteElo "2252"]
[BlackElo "2251"]
[Annotator "TA"]
[PlyCount "43"]
[EventDate "2022.06.24"]
[EventType "team-tourn"]
[EventCountry "NET"]
[SourceTitle "playchess.com"]
[Source "ChessBase"]
[SourceQuality "1"]
[WhiteTeam "Brazil"]
[BlackTeam "Paraguay"]
[WhiteTeamCountry "BRA"]
[BlackTeamCountry "PAR"]
[TimeControl "180+2"]

1. e4 e5 2. Nf3 Nc6 3. d4 exd4 4. Bc4 Bc5 5. c3 Nf6 6. e5 Ne4 (6... d5 $5 7. Bb5 (7. exf6 dxc4 8. fxg7 Rg8 $15) 7... Ne4 $11) 7. O-O {[%emt 0:00:19] Hoping for Qe2. C54: Giuoco Piano: 4 c3 Nf6, main lines with 5 d4 and 5 d3.} (7. Bd5 $5 Nxf2 8. Kxf2 $16) 7... d5 8. exd6 $1 {[%emt 0:00:48] Black must now prevent Re1.} O-O 9. dxc7 {[%emt 0:00:05] The position is equal.} Qxc7 {[%emt 0:00:07] [#]} 10. Bd3 $146 ({Predecessor:} 10. cxd4 Nxd4 11. Nxd4 Rd8 12. Nb5 Qb6 13. Qf3 Nxf2 14. Rxf2 Bxf2+ 15. Kh1 Be6 16. Bxe6 Qxe6 {1-0 (59) Baisynov,I (1986)-Ismailov,U Cholpon Ata 2016}) 10... Re8 11. Qc2 f5 (11... Bf5 $11 12. Nbd2 Nxd2 13. Bxd2 Bxd3 14. Qxd3 Qd6) 12. cxd4 $16 Nb4 $2 (12... Bb6 $16) 13. Qb3+ $18 Be6 14. Bc4 Bxc4 15. Qxc4+ {[%emt 0:00:00][%mdl 64] [#] Pin, Double Attack} Qf7 16. Qxf7+ Kxf7 17. dxc5 Nc2 {[%emt 0:00:01] [#]} 18. Na3 $1 Nxa1 19. Be3 Nb3 (19... f4 $142) 20. axb3 Rad8 21. Nc4 Rd3 $2 (21... Kg8 22. g3 Rd3) 22. Nfe5+ {[%emt 0:00:04] Black did not feel at home in the position after the opening.  Weighted Error Value: White=0.03 (flawless) /Black=0.64} 1-0

[Event "Queens Festival Final Team 2022"]
[Site "Tornelo"]
[Date "2022.06.26"]
[Round "4.6"]
[White "Bucci, Andrea Vidigal"]
[Black "Perez, Dalila"]
[Result "0-1"]
[ECO "C01"]
[WhiteElo "1769"]
[BlackElo "1799"]
[Annotator "NA"]
[PlyCount "54"]
[EventDate "2022.06.24"]
[EventType "team-tourn"]
[EventCountry "NET"]
[SourceTitle "playchess.com"]
[Source "ChessBase"]
[SourceQuality "1"]
[WhiteTeam "Brazil"]
[BlackTeam "Paraguay"]
[WhiteTeamCountry "BRA"]
[BlackTeamCountry "PAR"]
[TimeControl "180+2"]

1. e4 e6 2. d4 d5 3. exd5 exd5 4. Bd3 Nc6 5. c3 Bd6 6. Qf3 Nge7 7. Ne2 Bg4 8. Qxg4 h5 9. Qf3 g6 10. Bg5 Qd7 11. Nd2 O-O-O 12. O-O Rdg8 13. Nb3 h4 14. Bf4 g5 15. Bxd6 Qxd6 16. Nc5 Nd8 17. Bf5+ Ne6 18. Qg4 Nxf5 19. Qxf5 g4 20. Qxf7 Nxc5 21. dxc5 Qxc5 22. Nd4 g3 23. fxg3 hxg3 24. h3 Kb8 25. Rf5 Qb6 26. Qxd5 Qxb2 27. Raf1 Rd8 0-1